 Dungeon Sprint DCSS version 0.30-a0-718-geaa24f58ff (webtiles) character file.

Game seed: 1811575752599151572

2400000 sircluck the Planerender (level 15, -61/119 HPs)
             Began as a Vampire Summoner on Jan 25, 2023.
             Annihilated by a meat berserker
             ... wielding a +9 battleaxe
              (83 damage)
             ... in the Dungeon (Sprint VIII: "Arena of Blood").
             The game lasted 00:01:14 (24 turns).

sircluck the Planerender (Vampire Summoner)           Turns: 24, Time: 00:01:15

Health: -61/119    AC:  2    Str:  9    XL:     15   Next: 66%
Magic:  1/39       EV: 25    Int: 21    God:
Gold:   0          SH:  0    Dex: 17    Spells: 53/54 levels left

rFire   . . .      SeeInvis +    h - +∞ Axe of Woe
rCold   . . .      Faith    .    (shield currently unavailable)
rNeg    . . .      Spirit   .    a - +0 robe
rPois   .          Reflect  .    (no helmet)
rElec   .          Harm     .    (no cloak)
rCorr   .          Rampage  .    (no gloves)
Will    +....      NoTele   +    (no boots)
Stlth   ++++++++                 (no amulet)
HPRegen 0.59/turn                (no ring)
MPRegen 0.26/turn                (no ring)

@: healing quickly, hasted, very quick
A: alive, fangs 3, see invisible, vampiric 2
a: Exsanguinate


You were in the Dungeon.
You visited 1 branch

Inventory:

Hand Weapons
 h - the +∞ Axe of Woe (weapon)
   (You found it in the Dungeon)
Armour
 a - a +0 robe (worn)
Scrolls
 g - a scroll of blinking
Potions
 b - 3 potions of magic
 c - a potion of curing
 d - a potion of heal wounds
 f - a potion of berserk rage


   Skills:
 + Level 11.6 Fighting
 + Level 17.8 Axes
 + Level 20.2 Dodging
 + Level 23.3 Stealth
 + Level 20.2 Spellcasting
 O Level 27 Summonings


You had 53 spell levels left.
You knew the following spells:

 Your Spells              Type           Power      Damage    Failure   Level
a - Summon Small Mammal   Summ           100%       N/A       0%          1

Your spell library contained the following spells:

 Spells                   Type           Power      Damage    Failure   Level
 Call Imp                 Summ           94%        N/A       0%          2
 Call Canine Familiar     Summ           94%        N/A       0%          3
 Summon Guardian Golem    Hex/Summ       67%        N/A       1%          3
 Summon Lightning Spire   Summ/Air       67%        N/A       1%          4


Dungeon Overview and Level Annotations

Branches:
Dungeon (1/1)

Altars:
Makhleb


Innate Abilities, Weirdness & Mutations

Your natural rate of healing is accelerated.
You have razor-sharp teeth.
You have supernaturally acute eyesight. (SInv)
You are afflicted with vampirism and can become a bat while bloodless.


Message History

Items here: )) == †.
The meat berserker shouts! x2
You slash the bag of meat!
You dissect the bag of meat like a pig carcass.
You kill the bag of meat!
You slash the bag of meat!
You butcher the bag of meat messily.
You kill the bag of meat!
You hear a shout!
You hear two shouts!
You hear a shout! x4
The meat berserker rages.
You hear a shout! x2
Your Fighting skill gained 2 levels and is now at level 11!
Your Axes skill increases to level 16!
Your Dodging skill increases to level 19!
Your Stealth skill increases to level 22!
Your Spellcasting skill increases to level 19!
You slash the bag of meat!
You cleave the bag of meat in twain.
You kill the bag of meat!
The large bag of meat appears out of thin air!
A large bag of meat comes into view. It is wielding a +9 giant spiked club.
You hear a shout! x9
Your Axes skill increases to level 17!
Your Dodging skill increases to level 20!
Your Stealth skill increases to level 23!
Your Spellcasting skill increases to level 20!
The large bag of meat shouts in stereo!
You hear a shout! x6
There is a burning altar of Makhleb, spattered with blood here.
Items here: )) == ††.
You hear a shout! x7
A bag of meat comes into view. It is wielding a +9 war axe.
A bag of meat comes into view. It is wielding a +9 war axe.
You hear a shout! x4
The meat berserker rages.
You hear a shout!
The meat berserker barely misses you.
You hear a shout! x2
A meat berserker comes into view. It is wielding a +9 battleaxe.
You hear a shout! x5
The meat berserker hits you with a +9 battleaxe!!!!
Ouch! That really hurt!
You die...

#.. ...# #... #.O.
...# . ....###...
...###...
.........###........
.#........_.........
.......#.....# ....
.......#_.<._# .....
.......#OO.))#......
#.....@.._O........
.........###O.......
....###.......###...
... #....o..# .O .
#....o..# .........
...o.o.....
...........


You could see 5 meat berserkers and 4 bags of meat.

Vanquished Creatures
  3 ogres (D)
  8 orcs (D)
11 creatures vanquished.

Notes
Turn   | Place    | Note
-------+----------+-------------------------------------------
     0 | D        | Found the +∞ Axe of Woe
     0 | D        | sircluck the Vampire Summoner began the quest for the Orb.
     0 | D        | Reached XP level 1. HP: 13/13 MP: 3/3
     1 | D        | Noticed a bag of meat
     2 | D        | Noticed a bag of meat
     4 | D        | Noticed a bag of meat
     4 | D        | Noticed a bag of meat
     7 | D        | Noticed a bag of meat
     7 | D        | Noticed a meat berserker
     8 | D        | Noticed a meat berserker
     8 | D        | Noticed a bag of meat
     9 | D        | Killed a bag of meat
    10 | D        | Reached skill level 10 in Stealth
    10 | D        | Reached skill level 21 in Summonings
    10 | D        | Reached XP level 2. HP: 22/22 MP: 3/10
    10 | D        | Gained mutation: You are afflicted with vampirism and can
                  | become a bat while bloodless. [Vampire growth]
    10 | D        | Reached XP level 3. HP: 27/27 MP: 3/12
    10 | D        | Reached XP level 4. HP: 33/33 MP: 3/13
    10 | D        | Reached XP level 5. HP: 38/38 MP: 3/15
    10 | D        | Reached XP level 6. HP: 44/44 MP: 3/16
    10 | D        | Reached XP level 7. HP: 50/50 MP: 3/18
    10 | D        | Reached XP level 8. HP: 56/56 MP: 3/19
    10 | D        | Reached XP level 9. HP: 61/61 MP: 3/20
    10 | D        | Reached XP level 10. HP: 67/67 MP: 3/21
    10 | D        | Killed a bag of meat
    10 | D        | Noticed a bag of meat
    11 | D        | Reached skill level 24 in Summonings
    11 | D        | Reached XP level 11. HP: 73/73 MP: 3/23
    11 | D        | Noticed a meat berserker
    11 | D        | Killed a meat berserker
    11 | D        | Noticed a bag of meat
    12 | D        | Reached skill level 15 in Stealth
    12 | D        | Reached skill level 27 in Summonings
    12 | D        | Reached XP level 12. HP: 82/82 MP: 3/27
    12 | D        | Reached XP level 13. HP: 87/87 MP: 3/28
    13 | D        | Killed a meat berserker
    13 | D        | Killed a bag of meat
    13 | D        | Noticed a bag of meat
    14 | D        | Reached skill level 15 in Spellcasting
    14 | D        | Reached XP level 14. HP: 101/101 MP: 2/33
    14 | D        | Noticed a bag of meat
    16 | D        | Noticed a bag of meat
    17 | D        | Killed a bag of meat
    17 | D        | Killed a meat berserker
    17 | D        | Killed a bag of meat
    17 | D        | Noticed a meat berserker
    17 | D        | Noticed a meat berserker
    17 | D        | Noticed a meat berserker
    18 | D        | Reached skill level 15 in Axes
    18 | D        | Reached XP level 15. HP: 19/115 MP: 0/37
    18 | D        | Noticed a meat berserker
    21 | D        | Noticed a large bag of meat
    24 | D        | Noticed a meat berserker
    24 | D        | Annihilated by a meat berserker

Illustrated notes

Levels and vault maps discovered:
D:        meatsprint

Skill      XL: |  1  2  3  4  5  6  7  8  9 10 11 12 13 14 15 |
---------------+----------------------------------------------+-----
Fighting       | 2 3 6 9 11 | 11.6
Axes           | 4 6 11 15 17 | 17.8
Dodging        | 8 9 12 16 18 20 | 20.2
Stealth        | 10 12 15 19 21 23 | 23.3
Spellcasting   | 7 8 11 15 18 20 | 20.2
Summonings     | 21 24 27 | 27.0

Action                     |  1- 3 |  4- 6 |  7- 9 | 10-12 | 13-15 || total
---------------------------+-------+-------+-------+-------+-------++-------
  Melee: Executioner's axe |     1 |       |       |     2 |     4 ||     7
   Cast: Summon Small Mamm |       |       |       |       |     4 ||     4
    Use: Potion            |     1 |       |       |       |       ||     1
  Dodge: Dodged            |       |       |       |       |     3 ||     3

Table legend: (Time is in decaauts)
 A = Elapsed time spent in this place.
 B = Non-inter-level travel time spent in this place.
 C = Inter-level travel time spent in this place.
 D = Time resting spent in this place.
 E = Time spent auto-exploring this place.
 F = Levels seen in this place.
 G = Mean time per level.
                   A        B        C        D        E       F      G
               +--------+--------+--------+--------+--------+-----+--------+
         Total |     19 |     19 |      0 |      0 |      0 |   1 |   19.0 |
       Dungeon |     19 |     19 |      0 |      0 |      0 |   1 |   19.0 |
               +--------+--------+--------+--------+--------+-----+--------+

Top non-repeatable levels by time:
       D: 19 daAuts
